 Dungeon Crawl Stone Soup version 0.22.1-1-ga44c0e56f4 (webtiles) character file.

59 AxeAttX the Skirmisher (level 3, -4/34 HPs)
             Began as a Deep Dwarf Fighter on Nov 4, 2018.
             Slain by Sigmund
             ... wielding a +3 scythe of venom
              (6 damage)
             ... on level 2 of the Dungeon.
             The game lasted 00:01:04 (634 turns).

AxeAttX the Skirmisher (Deep Dwarf Fighter)          Turns: 634, Time: 00:01:05

Health: -4/34      AC:  6    Str: 20    XL:     3   Next: 78%
Magic:  3/3        EV:  7    Int:  8    God:
Gold:   102        SH:  0    Dex: 12    Spells: 2/2 levels left

rFire    . . .     SeeInvis .   a - +0 war axe
rCold    . . .     Gourm    .   c - +0 shield
rNeg     . . .     Faith    .   b - +0 scale mail
rPois    .         Spirit   .   (no helmet)
rElec    .         Reflect  .   (no cloak)
rCorr    .         Harm     .   (no gloves)
MR       .....                  (no boots)
Stlth    ..........             (no amulet)
HPRegen  0.00/turn              (no ring)
MPRegen  0.08/turn              (no ring)

@: confused, lethally poisoned (-4 -> -24), non-regenerating
A: damage resistance, heal wounds, sense surroundings 1, no regeneration
a: Heal Wounds


You were on level 2 of the Dungeon.
You were not hungry.

You visited 1 branch of the dungeon, and saw 2 of its levels.

You collected 102 gold pieces.

Inventory:

Hand Weapons
 a - a +0 war axe (weapon)
Armour
 b - a +0 scale mail (worn)
 c - a +0 shield (worn)
Wands
 k - a wand of acid (4)
   (You found it on level 2 of the Dungeon)
Scrolls
 g - 7 scrolls of identify {unknown}
 h - a scroll of immolation {unknown}
 i - a scroll of blinking {unknown}
 j - a scroll of fear {unknown}
Potions
 d - 3 potions of might
Comestibles
 e - 2 rations
 f - 2 chunks of flesh


   Skills:
 + Level 3.6 Fighting
 + Level 3.6 Axes
 - Level 3.2 Armour
 - Level 3.2 Shields


You had 2 spell levels left.
You didn't know any spells.
Your spell library was empty.

Dungeon Overview and Level Annotations

Branches:
Dungeon (2/15)

Altars:

Annotations:
D:2 Sigmund


Innate Abilities, Weirdness & Mutations

You are resistant to damage.
You can heal yourself by infusing magical energy.
You passively map a small area around you.
You do not regenerate.


Message History

No target in view!
No target in view!
A bat comes into view.
A bat is nearby!
The bat hits you but does no damage.
Your shield prevents you from hitting the bat.
The bat closely misses you. The bat barely misses you.
You hit the bat.
You kill the bat!
No target in view!
No target in view!
No target in view!
No target in view!
No target in view!
No target in view!
Sigmund the Dreaded comes into view.
He is wielding a scythe of venom.
Sigmund shouts!
Sigmund casts a spell.
Sigmund flickers and vanishes!
Deactivating autopickup; reactivate with Ctrl-A.
Found a stone staircase leading down.
A kobold comes into view. It is wielding a dagger.
The kobold throws a stone.
The stone hits you but does no damage.
You see here a stone.
The kobold throws a stone.
The stone hits you but does no damage.
You see here a stone.
You block the kobold's attack.
Found a lumpy puce potion.
You completely miss the kobold. The kobold barely misses you.
You block the kobold's attack.
You closely miss the kobold. The kobold barely misses you.
You barely miss the kobold. Something hits you!
You are poisoned.
The kobold closely misses you.
You are too injured to fight recklessly!
You are too injured to fight recklessly!
You are too injured to fight recklessly!
You are too injured to fight recklessly!
You are too injured to fight recklessly!
You are too injured to fight recklessly!
You are too injured to fight recklessly!
You are too injured to fight recklessly!
You are too injured to fight recklessly!
You are too injured to fight recklessly!
A kobold is nearby!
A kobold is nearby!
You are too injured to fight recklessly!
You feel much better.
You feel sick. The kobold hits you but does no damage. Something hits you.
You are more poisoned.
You feel much better.
You feel sick. You block the kobold's attack.
A magic dart appears from out of thin air!
The magic dart hits you!
You barely miss the kobold.
You feel very sick. The kobold hits you but does no damage. Something hits you.
The kobold closely misses you.
You barely miss the kobold.
You feel sick. The kobold hits you but does no damage. Something hits you.
You are more poisoned.
You closely miss the kobold.
You feel very sick. The kobold hits you but does no damage.
You hear some strange, mumbled words.
You are confused.
You are too confused!
You are too confused!
You are too confused!
You are too confused!
You are too confused!
You are too confused!
You are too confused!
You are too confused!
You are too confused!
You are too confused!
You are too confused!
You are too confused!
You are too confused!
You are too confused!
You are too confused!
You are too confused!
You are too confused!
You are too confused!
You're too confused to move!
You feel sick. The kobold hits you but does no damage. Something hits you!
You are lethally poisoned!
Okay, then.
You're too confused!
* * * LOW HITPOINT WARNING * * *
You feel very sick.
* * * LOW HITPOINT WARNING * * *
You feel very sick. The kobold hits you but does no damage. Something hits you.
You are more poisoned.
You closely miss the kobold. You closely miss something.
* * * LOW HITPOINT WARNING * * *
You feel very sick. The kobold closely misses you. Something hits you!
You die...

............ #.#
##...........# #.# #..
,........+ #.# #..
,.......# * #.#####..
, ......##. *
#....##.######........
#....##.#..(..........
#....##.#.(...K.......
#....##.#....@..#####.
, #..........###### ,,
##...##.#### *,,
#........# ,
#.#####..# ** ** #.#
,,.>... , #.# ...## **
* #.....# #.#,
<...##########.....#
#.#
*....#........#.....#


You could see a kobold.

Vanquished Creatures
  An adder (D:2)
  A worm (D:2)
  2 ball pythons
  4 giant cockroaches
  6 goblins
  A hobgoblin (D:1)
  3 jackals (D:1)
  A quokka (D:2)
  13 bats
  3 frilled lizards
  2 kobolds (D:1)
  8 rats
45 creatures vanquished.

Notes
Turn   | Place    | Note
-------+----------+-------------------------------------------
     0 | D:1      | AxeAttX the Deep Dwarf Fighter began the quest for the Orb.
     0 | D:1      | Reached XP level 1. HP: 20/20 MP: 1/1
   109 | D:1      | Reached skill level 3 in Fighting
   109 | D:1      | Reached XP level 2. HP: 28/28 MP: 2/2
   227 | D:1      | Reached skill level 3 in Axes
   296 | D:1      | Reached XP level 3. HP: 29/34 MP: 3/3
   614 | D:2      | Noticed Sigmund
   634 | D:2      | HP: 2/34 [poisoned by Sigmund]
   634 | D:2      | Slain by Sigmund

Skill      XL: |  1  2 |
---------------+-------+-----
Fighting       | 3 |  3.6
Axes           | 3 |  3.6
Armour         | |  3.2
Shields        | |  3.2

Action                   || total
-------------------------++-------
Melee: War axe           ||   120
 Abil: Heal Wounds       ||     2
Armor: Scale mail        ||    86
Dodge: Dodged            ||    46
Block: Shield            ||    78

Vault maps used:
D:1:      dpeg_arrival_subterranean_lakeside_camping, serial_forest,
          infiniplex_forest_straight_4, infiniplex_forest_clump_tiny,
          infiniplex_forest_straight_5, infiniplex_forest_end_1,
          infiniplex_forest_lined_room_2, infiniplex_forest_corner_1
D:2:      lightli_temple_of_fire, first_ration, kennysheep_okawaru_gauntlet,
          uniq_crazy_yiuf_cottage, uniq_sigmund, uniq_natasha

Table legend:
 A = Turns spent in this place as a percentage of turns spent in the entire game.
 B = Non-inter-level travel turns spent in this place as a percentage of non-inter-level travel turns spent in the entire game.
 C = Inter-level travel turns spent in this place as a percentage of turns spent in this place.
 D = Turns resting spent in this place as a percentage of non-inter-level travel turns spent in this place.
 E = Turns spent auto-exploring this place as a percentage of non-inter-level travel turns spent in this place.
 F = Non-inter-level travel turns spent in this place divided by the number of levels of this place that you've seen.
                   A       B       C       D       E      F
               +-------+-------+-------+-------+-------+----------------------
         Total | 100.0 | 100.0 |   0.9 |   0.0 |  61.9 | 314.0
       Dungeon | 100.0 | 100.0 |   0.9 |   0.0 |  61.9 | 314.0
               +-------+-------+-------+-------+-------+----------------------

Table legend:
 A = Kills in this place as a percentage of kills in entire the game.
 B = Kills by you in this place as a percentage of kills by you in the entire game.
 C = Kills by friends in this place as a percentage of kills by friends in the entire game.
 D = Other kills in this place as a percentage of other kills in the entire game.
 E = Experience gained in this place as a percentage of experience gained in the entire game.
 F = Experience gained in this place divided by the number of levels of this place that you have seen.
                   A       B       C       D       E      F
               +-------+-------+-------+-------+-------+----------------------
         Total | 100.0 | 100.0 |   N/A |   N/A | 100.0 |  42.5
       Dungeon | 100.0 | 100.0 |   N/A |   N/A | 100.0 |  42.5
               +-------+-------+-------+-------+-------+----------------------
